 Dungeon Crawl Stone Soup version 0.18-a0-1186-gd02dc51 (webtiles) character file.

288149 ololoev the Eclecticist (level 19, 0/108 HPs)
             Began as a Deep Elf Fire Elementalist on Jan 28, 2016.
             Was the Champion of Sif Muna.
             Slain by a deep elf knight
             ... wielding the +5 spear of Deflation {pierce, *Confuse rPois Dex+5}
              (2 damage)
             ... while paralysed by a sphinx
             ... on level 5 of the Vaults.
             The game lasted 03:44:39 (17846 turns).

ololoev the Eclecticist (DEFE)                     Turns: 17846, Time: 03:44:40

Health: 0/108      AC: 24    Str:  9    XL:     19   Next: 88%
Magic:  8/43       EV:  2    Int: 34    God:    Sif Muna [******]
Gold:   1704       SH:  0    Dex: 16    Spells: 11 memorised, 12 levels left

rFire  + . .     SeeInvis +     a - staff of wizardry
rCold  + . .     Gourm    .     v - +1 robe "Laagg" {+Fly rPois MR+ Stlth-}
rNeg   + . .     Faith    .     p - +6 shield of Existentialism {rF+ rN+}
rPois  +         Spirit   .     f - +2 helmet {Int+3}
rElec  .         Dismiss  .     E - +2 cloak
rCorr  .         Reflect  .     M - +2 pair of gloves {archery}
SustAt .         Harm     .     G - +2 pair of boots of Pomasuh {Str+4 SInv}
MR     ++...     Clarity  +     i - amulet of magic regeneration
Stlth  +.........               k - +5 ring of protection
                                t - ring of see invisible

@: paralysed, delayed fireball, repel missiles, very resistant to hostile
enchantments, very unstealthy
A: rough black scales 1, agile 1, clarity, clever 1, cold resistance 1, wild
magic 1
a: Channel Energy, Forget Spell, Renounce Religion, Release Delayed Fireball,
Evoke Flight
}: 2/15 runes: serpentine, barnacled


Innate Abilities, Weirdness & Mutations

You are partially covered in rough black scales (AC +4, Dex -1).
You are agile. (Dex +2)
You possess an exceptional clarity of mind.
Your mind is acute. (Int +2)
Your flesh is cold resistant.
Your spells are a little harder to cast, but a little more powerful.

Inventory:

Armour
 f - a +2 helmet of intelligence (worn)
 p - the +6 shield of Existentialism (worn) {rF+ rN+}
   (You bought it in a shop on level 2 of the Orcish Mines)

   It protects you from fire.
   It protects you from negative energy.
 v - the +1 robe "Laagg" (worn) {+Fly rPois MR+ Stlth-}
   (You took it off a centaur on level 8 of the Dungeon)

   It protects you from poison.
   It affects your resistance to hostile enchantments.
   It lets you fly.
   It makes you less stealthy.
 E - a +2 cloak (worn)
 G - the +2 pair of boots of Pomasuh (worn) {Str+4 SInv}
   (You acquired it on level 3 of the Lair of Beasts)

   It affects your strength (+4).
   It lets you see invisible.
 M - a +2 pair of gloves of archery (worn)
Magical Staves
 a - an uncursed staff of wizardry (weapon)
 e - an uncursed staff of cold
Jewellery
 i - an amulet of magic regeneration (around neck)
 k - a +5 ring of protection (right hand)
 t - a ring of see invisible (left hand)
 u - an uncursed ring of fire
Wands
 l - a wand of digging (1/24)
 C - a wand of hasting (5/9)
 I - a wand of teleportation (3/9)
 K - a wand of disintegration (10/24)
Scrolls
 b - 4 scrolls of identify
 d - 2 scrolls of blinking
 n - a scroll of recharging
 o - 3 scrolls of magic mapping
 s - 2 scrolls of immolation
 y - a scroll of fog
 z - 6 scrolls of remove curse
 J - 3 scrolls of enchant armour
Potions
 g - 6 potions of lignification
 h - 8 potions of curing
 q - 3 potions of flight
 w - 2 potions of resistance
 A - a potion of cancellation
 D - a potion of magic
 F - a potion of cure mutation
Comestibles
 c - 15 bread rations
 j - 3 chunks of flesh
 x - a fruit
 B - a beef jerky


   Skills:
 - Level 8.4 Fighting
 - Level 11.0 Dodging
 - Level 2.4 Stealth
 * Level 11.7 Shields
 * Level 18.9 Spellcasting
 * Level 18.2 Conjurations
 - Level 7.8 Charms
 - Level 5.2 Necromancy
 - Level 4.4 Translocations
 * Level 18.1 Fire Magic
 + Level 12.3 Invocations


You had 12 spell levels left.
You knew the following spells:

 Your Spells              Type           Power        Failure   Level  Hunger
a - Flame Tongue          Conj/Fire      #####        1%          1    None
b - Conjure Flame         Conj/Fire      ########     1%          3    None
c - Sticky Flame          Conj/Fire      ########     1%          4    None
d - Fireball              Conj/Fire      ########..   1%          5    None
f - Bolt of Fire          Conj/Fire      ########..   1%          6    None
g - Blink                 Tloc           N/A          1%          2    None
h - Fire Storm            Conj/Fire      ########..   56%         9    ######.
i - Delayed Fireball      Conj/Fire      N/A          1%          7    ##.....
r - Repel Missiles        Chrm/Air       ######       1%          2    None
s - Iron Shot             Conj/Erth      #######...   6%          6    None
z - Regeneration          Chrm/Necr      #######...   1%          3    None


You were on level 5 of the Vaults.
You worshipped Sif Muna.
Sif Muna was exalted by your worship.
You were near starving.

You visited 9 branches of the dungeon, and saw 40 of its levels.
You also visited: Bailey, Ice Cave and Volcano.

You collected 2738 gold pieces.
You spent 1034 gold pieces at shops.

.....<[.<)[v....
....v.<<§)[......
.......D(........
###..[...o§######
......v..†########### ##########
p.÷.#....##')).......###..... ...
##(.#.(..#....e##'....'....+##'..
(( #....#....#H.#....#....#?)#..
#....#e@#....#....#(.#(.
#....'##(....'....'##').
##.......(..###.........
#'##'##'##'# #'##'##)##
#..........###.......).
#....'##'....#....'##'..
#....#.)#....#....#.)#.:
#....#..#....#.=).#..#..
....'##'....'....'##'..

Notes
Turn   | Place    | Note
--------------------------------------------------------------
     0 | D:1      | ololoev the Deep Elf Fire Elementalist began the quest for the Orb.
     0 | D:1      | Reached XP level 1. HP: 10/10 MP: 6/6
   133 | D:3      | Reached XP level 2. HP: 15/15 MP: 1/8
   235 | D:5      | Entered Level 5 of the Dungeon
   237 | D:5      | Noticed a crimson imp
   362 | D:5      | Noticed a crimson imp
   366 | D:5      | Gained mutation: You are agile. (Dex +2) [potion of beneficial mutation]
   393 | D:5      | Killed a crimson imp
   393 | D:5      | Reached XP level 3. HP: 8/19 MP: 10/10
   398 | D:5      | Learned a level 3 spell: Conjure Flame
   531 | D:5      | Found a glowing golden altar of the Shining One.
   540 | D:5      | Reached skill level 4 in Fire Magic
   540 | D:5      | Reached XP level 4. HP: 21/24 MP: 0/11
   560 | D:5      | Learned a level 4 spell: Sticky Flame
   565 | D:5      | Learned a level 3 spell: Inner Flame
   595 | D:5      | Became a worshipper of the Shining One
   673 | D:6      | Noticed an ogre
   740 | D:5      | Noticed an ogre
   748 | D:5      | Killed an ogre
   748 | D:5      | Reached XP level 5. HP: 28/28 MP: 7/13
  1087 | D:4      | Found a staircase to the Ecumenical Temple.
  1103 | Temple   | Entered the Ecumenical Temple
  1129 | Temple   | Fell from the grace of the Shining One
  1129 | Temple   | Became a worshipper of Sif Muna the Loreminder
  1378 | D:6      | Found a basalt altar of Yredelemnul.
  1416 | D:6      | Reached XP level 6. HP: 32/32 MP: 9/15
  1433 | D:6      | Noticed an ice beast
  1449 | D:6      | Killed an ice beast
  1449 | D:6      | Reached skill level 5 in Spellcasting
  1449 | D:6      | Reached skill level 1 in Invocations
  1455 | D:6      | Reached skill level 5 in Fire Magic
  1551 | D:6      | Reached skill level 5 in Conjurations
  1563 | D:6      | Reached XP level 7. HP: 21/36 MP: 2/16
  1611 | D:6      | Reached * piety under Sif Muna
  1629 | D:6      | Learned a level 5 spell: Fireball
  1789 | D:7      | Reached skill level 6 in Conjurations
  1816 | D:7      | Noticed Dowan
  1817 | D:7      | Noticed Duvessa
  1834 | D:7      | Killed Dowan
  1834 | D:7      | Reached XP level 8. HP: 41/41 MP: 3/19
  1835 | D:7      | Killed Duvessa
  1907 | D:7      | Reached ** piety under Sif Muna
  2122 | D:8      | Noticed George's ghost (novice HOGl)
  2239 | D:7      | Reached skill level 7 in Conjurations
  2337 | D:8      | Found a staircase to the Lair.
  2337 | D:8      | Noticed a fire drake
  2352 | D:8      | Gained mutation: Your flesh is cold resistant. [potion of mutation]
  2352 | D:8      | Gained mutation: You possess an exceptional clarity of mind. [potion of mutation]
  2352 | D:8      | Gained mutation: Your spells are a little harder to cast, but a little more powerful. [potion of mutation]
  2356 | D:8      | Killed a fire drake
  2410 | D:8      | Reached XP level 9. HP: 40/45 MP: 9/21
  2451 | D:8      | Reached *** piety under Sif Muna
  2451 | D:8      | Reached skill level 8 in Fire Magic
  2566 | D:8      | Noticed an angel
  2567 | D:8      | Found a glowing silver altar of Zin.
  2567 | D:8      | Found a shimmering altar of Xom.
  2567 | D:8      | Noticed Grum
  2604 | D:9      | Reached skill level 5 in Invocations
  2619 | D:9      | Reached **** piety under Sif Muna
  2675 | D:9      | Reached skill level 9 in Fire Magic
  2748 | D:9      | Found Esoleut's Gadget Emporium.
  2748 | D:9      | Found Edigu's Distillery.
  2779 | D:9      | Bought a potion of lignification for 39 gold pieces
  2779 | D:9      | Bought a potion of curing for 39 gold pieces
  2779 | D:9      | Bought a potion of lignification for 39 gold pieces
  2779 | D:9      | Bought a potion of brilliance for 52 gold pieces
  2779 | D:9      | Bought a potion of curing for 39 gold pieces
  2813 | D:8      | Killed Grum
  2897 | D:8      | Reached ***** piety under Sif Muna
  2897 | D:8      | Reached XP level 10. HP: 44/50 MP: 18/24
  2998 | D:9      | Found a flagged portal.
  3015 | Bailey   | Entered a bailey
  3089 | Bailey   | Found an iron altar of Okawaru.
  3089 | Bailey   | Noticed an orc sorcerer
  3089 | Bailey   | Noticed an orc sorcerer
  3091 | Bailey   | Noticed a rust devil
  3091 | Bailey   | Killed an orc sorcerer
  3091 | Bailey   | Killed an orc sorcerer
  3091 | Bailey   | Reached skill level 10 in Fire Magic
  3092 | Bailey   | Noticed an orc knight
  3101 | Bailey   | Killed an orc knight
  3101 | Bailey   | Reached skill level 10 in Conjurations
  3232 | Bailey   | Noticed an orc knight
  3259 | Bailey   | Killed an orc knight
  3716 | D:9      | Reached ****** piety under Sif Muna
  3817 | D:9      | Received a gift from Sif Muna
  3817 | D:9      | Reached skill level 11 in Fire Magic
  3818 | D:9      | Identified Sif Muna's Handbook of Confrontation (Sif Muna gifted it to you on level 9 of the Dungeon)
  3826 | D:9      | Learned a level 6 spell: Bolt of Fire
  3849 | D:9      | Noticed Prince Ribbit
  3850 | D:9      | Noticed krabocopter's ghost (novice FoFi)
  3853 | D:9      | Killed Prince Ribbit
  3937 | D:9      | Found a radiant altar of Vehumet.
  3937 | D:9      | Found a snail-covered altar of Cheibriados.
  3946 | D:8      | Found Jeychoz's Jewellery Emporium.
  3951 | D:8      | Got a heavy robe
  3962 | D:8      | Identified the +1 robe "Laagg" {+Fly rPois MR+ Stlth-} (You took it off a centaur on level 8 of the Dungeon)
  4031 | D:8      | Found a shattered altar of Ashenzari.
  4031 | D:8      | Found a stormy altar of Qazlal.
  4176 | D:9      | Reached XP level 11. HP: 54/54 MP: 16/26
  4232 | D:10     | Entered Level 10 of the Dungeon
  4354 | D:10     | Noticed Erolcha
  4358 | D:10     | Killed Erolcha
  4404 | D:10     | Reached skill level 1 in Fighting
  4443 | D:10     | Noticed a deep elf mage
  4444 | D:10     | Noticed a deep elf mage
  4446 | D:10     | Killed a deep elf mage
  4449 | D:10     | Killed a deep elf mage
  4449 | D:10     | Reached skill level 1 in Shields
  4509 | D:10     | Learned a level 2 spell: Blink
  4512 | D:10     | Learned a level 2 spell: Repel Missiles
  4754 | D:10     | Reached skill level 1 in Translocations
  5102 | D:8      | Bought an uncursed ring of see invisible for 225 gold pieces
  5205 | D:10     | Noticed an unseen horror
  5212 | D:10     | Killed an unseen horror
  5212 | D:10     | Reached skill level 10 in Spellcasting
  5252 | D:11     | Noticed a hill giant
  5254 | D:11     | Killed a hill giant
  5488 | D:11     | Reached skill level 5 in Dodging
  5651 | D:12     | Reached skill level 1 in Charms
  5784 | D:12     | Found a frozen archway.
  5813 | IceCv    | Entered an ice cave
  5878 | IceCv    | Reached XP level 12. HP: 64/64 MP: 17/28
  6002 | IceCv    | Received a gift from Sif Muna
  6003 | IceCv    | Identified Sif Muna's Volume of Conjuration (Sif Muna gifted it to you in an ice cave)
  6018 | IceCv    | Reached skill level 12 in Fire Magic
  6274 | IceCv    | Noticed a death yak
  6282 | IceCv    | Killed a death yak
  6362 | IceCv    | Noticed a frost giant
  6362 | IceCv    | Noticed a death yak
  6378 | IceCv    | Killed a death yak
  6454 | IceCv    | Killed a frost giant
  6788 | D:11     | Reached XP level 13. HP: 63/70 MP: 1/30
  6802 | D:11     | Found a roughly hewn altar of Beogh.
  6802 | D:11     | Found a staircase to the Orcish Mines.
  6827 | Orc:1    | Entered Level 1 of the Orcish Mines
  6868 | Orc:1    | Noticed an orc warlord
  6881 | Orc:1    | Killed an orc warlord
  6966 | Orc:2    | Entered Level 2 of the Orcish Mines
  6966 | Orc:2    | Noticed an orc warlord
  7156 | Orc:1    | Reached skill level 13 in Conjurations
  7192 | Orc:1    | Noticed an ettin
  7215 | Orc:1    | Killed an ettin
  7324 | Orc:1    | Found a roughly hewn altar of Beogh.
  7404 | Orc:1    | Found Mebi's General Store.
  7504 | Orc:2    | Noticed an orc warlord
  7639 | Orc:2    | Killed an orc warlord
  7675 | Orc:2    | Found a roughly hewn altar of Beogh.
  7780 | Orc:2    | Found a roughly hewn altar of Beogh.
  7807 | Orc:2    | Found a roughly hewn altar of Beogh.
  7929 | Orc:2    | Killed an orc warlord
  7970 | Orc:2    | Found a roughly hewn altar of Beogh.
  8030 | Orc:2    | Found a staircase to the Elven Halls.
  8082 | Orc:2    | Noticed Saint Roka
  8091 | Orc:2    | Received a gift from Sif Muna
  8091 | Orc:2    | Killed Saint Roka
  8092 | Orc:2    | Identified Sif Muna's Disquisition on the Volcanoes and Combat Magic (Sif Muna gifted it to you on level 2 of the Orcish Mines)
  8156 | Orc:2    | Found Giniutiz's Antique Weapon Shoppe.
  8176 | Orc:2    | Found Vudoh's Antique Armour Emporium.
  8177 | Orc:2    | Found a roughly hewn altar of Beogh.
  8193 | Orc:2    | Bought a crude leather armour for 245 gold pieces
  8193 | Orc:2    | Bought a jewelled shield for 332 gold pieces
  8193 | Orc:2    | Bought a glowing robe for 24 gold pieces
  8223 | Orc:2    | Identified the +1 leather armour of the Bagpipe {*Confuse rN+ Int+3 Dex+5} (You bought it in a shop on level 2 of the Orcish Mines)
  8299 | Orc:2    | Identified the +6 shield of Existentialism {rF+ rN+} (You bought it in a shop on level 2 of the Orcish Mines)
  8344 | Orc:2    | Found a roughly hewn altar of Beogh.
  8353 | Orc:2    | Found Bimik's Food Shoppe.
  8412 | Elf:1    | Entered Level 1 of the Elven Halls
  8558 | Lair:1   | Entered Level 1 of the Lair of Beasts
  8590 | Lair:1   | Noticed Urug
  8596 | Lair:1   | Killed Urug
  8672 | Lair:1   | Reached XP level 14. HP: 59/76 MP: 7/32
  8753 | Lair:1   | Reached skill level 5 in Fighting
  8990 | Lair:2   | Reached skill level 5 in Shields
  9020 | Lair:1   | Noticed Erica
  9362 | Lair:5   | Found a burning altar of Makhleb.
  9391 | Lair:5   | Noticed Kirke
  9395 | Lair:5   | Killed Kirke
  9436 | Lair:5   | Noticed Nessos
  9440 | Lair:5   | Killed Nessos
  9449 | Lair:5   | Noticed Snorg
  9455 | Lair:5   | Killed Snorg
  9455 | Lair:5   | Reached skill level 14 in Conjurations
  9541 | Lair:5   | Identified Titoangi's Reference Book on Enchantment
  9614 | Lair:5   | Found a dark tunnel.
  9630 | Volcano  | Entered a volcano
  9822 | Lair:6   | Found a runed door.
  9833 | Lair:6   | Received a gift from Sif Muna
 10174 | Lair:8   | Entered Level 8 of the Lair of Beasts
 10579 | Lair:7   | You fall through a shaft!
 10811 | Lair:8   | Reached XP level 15. HP: 69/84 MP: 3/34
 10964 | Lair:8   | Found a viscous altar of Jiyva.
 10964 | Lair:8   | Found a staircase to the Slime Pits.
 11504 | Lair:4   | Received a gift from Sif Muna
 11512 | Lair:4   | Learned a level 3 spell: Regeneration
 11718 | Lair:3   | Found a staircase to the Shoals.
 11758 | Shoals:1 | Entered Level 1 of the Shoals
 11813 | Shoals:1 | Reached skill level 1 in Necromancy
 11829 | Shoals:1 | Found Fuqaed's Weapon Shop.
 11909 | Shoals:3 | Found Ditteny's Weapon Shoppe.
 11944 | Shoals:3 | Reached skill level 15 in Conjurations
 12027 | Shoals:4 | Entered Level 4 of the Shoals
 12081 | Shoals:4 | Noticed Ilsuiw
 12156 | Shoals:4 | Killed Ilsuiw
 12322 | Shoals:4 | Reached skill level 5 in Charms
 12494 | Shoals:4 | Reached skill level 10 in Dodging
 12713 | Shoals:4 | Got a barnacled rune of Zot
 12751 | Shoals:4 | Received a gift from Sif Muna
 12752 | Shoals:4 | Identified Sif Muna's Reference Book on Battle Magic and Feathers (Sif Muna gifted it to you on level 4 of the Shoals)
 12789 | Shoals:2 | You fall through a shaft!
 12853 | Lair:3   | Got a pair of blackened boots
 12854 | Lair:3   | Identified the +2 pair of boots of Pomasuh {Str+4 SInv} (You acquired it on level 3 of the Lair of Beasts)
 13011 | Lair:3   | Found a staircase to the Snake Pit.
 13107 | Snake:1  | Entered Level 1 of the Snake Pit
 13121 | Snake:1  | Reached XP level 16. HP: 65/90 MP: 19/36
 13175 | Lair:3   | Learned a level 9 spell: Fire Storm
 13210 | Snake:1  | Reached skill level 15 in Fire Magic
 13338 | Snake:1  | Found a stormy altar of Qazlal.
 13624 | Snake:4  | Entered Level 4 of the Snake Pit
 13673 | Snake:4  | Reached skill level 15 in Spellcasting
 13688 | Snake:4  | Noticed Vashnia
 13861 | Snake:4  | Killed Vashnia
 13861 | Snake:4  | Received a gift from Sif Muna
 13879 | Snake:4  | Identified Sif Muna's Papyrus of Igneous Arcane Weapons (Sif Muna gifted it to you on level 4 of the Snake Pit)
 13890 | Snake:4  | Learned a level 7 spell: Delayed Fireball
 13895 | Snake:4  | Reached skill level 10 in Invocations
 13932 | Snake:4  | Noticed Wiglaf
 13939 | Snake:4  | Killed Wiglaf
 14299 | Snake:4  | Reached skill level 5 in Necromancy
 14313 | Snake:4  | Reached XP level 17. HP: 96/96 MP: 22/38
 14365 | Snake:4  | Reached skill level 16 in Conjurations
 14424 | Snake:4  | Received a gift from Sif Muna
 14430 | Snake:4  | Identified Sif Muna's Grimoire of Protection (Sif Muna gifted it to you on level 4 of the Snake Pit)
 14458 | Snake:4  | Got a serpentine rune of Zot
 15097 | D:13     | Found a gate to the Vaults.
 15109 | Vaults:1 | Entered Level 1 of the Vaults
 15626 | Vaults:2 | Gained mutation: You are partially covered in rough black scales (AC +4, Dex -1). [potion of beneficial mutation]
 15627 | Vaults:2 | Gained mutation: Your mind is acute. (Int +2) [potion of beneficial mutation]
 15721 | Vaults:2 | Got a faintly glowing cloak
 15722 | Vaults:2 | Identified the +0 cloak of Pianugg {rF++ Regen+ Int-5 Dex+4} (You acquired it on level 2 of the Vaults)
 15739 | Vaults:2 | Reached XP level 18. HP: 103/103 MP: 15/40
 15897 | Vaults:2 | Found a staircase to the Crypt.
 15907 | Crypt:1  | Entered Level 1 of the Crypt
 15943 | Vaults:2 | Received a gift from Sif Muna
 15961 | Vaults:2 | Learned a level 6 spell: Bolt of Cold
 16078 | Vaults:3 | Reached skill level 10 in Shields
 16324 | Vaults:3 | Reached skill level 17 in Spellcasting
 16510 | Vaults:3 | Noticed Xtahua
 16520 | Vaults:3 | Killed Xtahua
 16798 | Vaults:4 | Noticed Donald
 16812 | Vaults:4 | Killed Donald
 17030 | Vaults:5 | Entered Level 5 of the Vaults
 17037 | Vaults:5 | Received a gift from Sif Muna
 17038 | Vaults:5 | Identified Sif Muna's Catalogue of Evil Secrets (Sif Muna gifted it to you on level 5 of the Vaults)
 17045 | Vaults:5 | Reached XP level 19. HP: 108/108 MP: 8/42
 17119 | Vaults:5 | Reached skill level 18 in Spellcasting
 17277 | Vaults:4 | Noticed Mennas
 17527 | Vaults:5 | Received a gift from Sif Muna
 17528 | Vaults:5 | Identified Sif Muna's Tome of Ashen Attacks (Sif Muna gifted it to you on level 5 of the Vaults)
 17536 | Vaults:5 | Learned a level 6 spell: Iron Shot
 17640 | Vaults:5 | Noticed a lich
 17647 | Vaults:5 | Killed a lich
 17706 | Vaults:5 | Noticed a golden dragon
 17736 | Vaults:5 | Killed a golden dragon
 17841 | Vaults:5 | Paralysed by a sphinx for 7 turns
 17846 | Vaults:5 | HP: 2/108 [deep elf knight/slimy spear {pierce} (5)]
 17846 | Vaults:5 | Identified the +5 spear of Deflation {pierce, *Confuse rPois Dex+5}
 17846 | Vaults:5 | Slain by a deep elf knight

Dungeon Overview and Level Annotations

Branches:
Dungeon (14/15)            Temple (1/1) D:4            Lair (8/8) D:8
 Shoals (4/4) Lair:3        Snake (4/4) Lair:3        Slime (0/6) Lair:8
    Orc (2/2) D:11            Elf (1/3) Orc:2        Vaults (5/5) D:13
  Crypt (1/3) Vaults:2

Altars:
Ashenzari
Cheibriados
Dithmenos
Fedhas
Gozag
Kikubaaqudgha
Makhleb
Nemelex Xobeh
Okawaru
Pakellas
Qazlal
Ru
Sif Muna
Trog
Vehumet
Xom
Yredelemnul
Zin
The Shining One
Beogh
Jiyva

Shops:
D:8 =   D:9 !}   Orc:1 *   Orc:2 [%(   Shoals:1 (   Shoals:3 (

Annotations:
D:8 George's ghost, novice HOGl
D:9 krabocopter's ghost, novice FoFi
Lair:1 Erica
Vaults:4 Mennas


Message History

A deep elf knight comes into view. It is wielding a slimy spear {pierce}.
Use which ability? (? or * to list)
You channel some magical energy.
You feel somewhat more hungry.
The sphinx burns!
The sphinx mumbles some strange words.
The sphinx is healed somewhat.
Something unseen opens the door.
You block the deep elf knight's attack.
An orc knight comes into view. It is wielding a war axe.
The sphinx burns!
The sphinx mumbles some strange words.
You suddenly lose the ability to move!
The deep elf knight hits you from afar with a slimy spear {pierce}.
A deep elf knight comes into view. It is wielding a short sword.
The sphinx burns!
The sphinx hits you! The sphinx hits you but does no damage.
The sphinx hits you!
The deep elf knight hits you from afar with a slimy spear {pierce}!
The sphinx burns!
The sphinx casts a spell.
The sphinx is healed somewhat.
The deep elf knight casts a spell.
The deep elf knight seems to speed up.
The deep elf knight hits you from afar with a slimy spear {pierce}!
The sphinx hits you!
The sphinx hits you but does no damage. x2
The sphinx burns!
The deep elf knight hits you but does no damage.
The deep elf knight hits you from afar with a slimy spear {pierce}!!
The deep elf knight gestures wildly while chanting.
The deep elf knight flickers and vanishes for a moment.
The sphinx hits you. x2; The sphinx hits you but does no damage.
The sphinx burns!
The deep elf knight hits you but does no damage.
The deep elf knight gestures wildly while chanting.
The deep elf knight seems to speed up.
The sphinx mumbles some strange words.
You resist with almost no effort.
An orc comes into view. It is wielding a hand axe.
The sphinx burns!
The deep elf knight hits you but does no damage.
The deep elf knight hits you from afar with a slimy spear {pierce}.
You die...

You could see a sphinx (burning), 2 deep elf knights and an orc.

Vanquished Creatures
  Saint Roka (Orc:2)
  Vashnia (Snake:4)
  A golden dragon (Vaults:5)
  Xtahua (Vaults:3)
  A lich (Vaults:5)
  A titan (Vaults:5)
  5 sphinxes
  Kirke (Lair:5)
  3 tengu reavers
  9 greater nagas (Snake:4)
  Ilsuiw (Shoals:4)
  Wiglaf (Snake:4)
  Donald (Vaults:4)
  2 frost giants
  A fire giant (Vaults:5)
  3 deep elf sorcerers
  3 orc warlords
  10 vault wardens
  2 war gargoyles
  6 stone giants
  6 ironheart preservers
  4 very ugly things
  A deep elf demonologist (Vaults:5)
  Nessos (Lair:5)
  A deep elf annihilator (Vaults:4)
  2 ettins
  A deep elf death mage (Vaults:5)
  Snorg (Lair:5)
  Erolcha (D:10)
  A merfolk javelineer (Shoals:4)
  A great orb of eyes (Vaults:4)
  2 deep elf high priests (Vaults:5)
  6 merfolk impalers
  8 naga warriors
  31 vault guards
  An ice dragon (Vaults:2)
  7 yaktaur captains
  7 hydras
  2 merfolk avatars (Shoals:4)
  3 death knights (Vaults:2)
  7 centaur warriors
  2 merfolk aquamancers
  7 ogre magi
  6 anacondas
  A death yak (shapeshifter) (Vaults:5)
  6 death yaks
  2 vampire magi
  A queen ant (Lair:1)
  8 naga sharpshooters
  An orc high priest (Orc:2)
  6 deep elf knights
  Urug (Lair:1)
  A shock serpent (shapeshifter) (Vaults:2)
  6 shock serpents
  3 shadow wraiths
  2 deep trolls (Vaults:1)
  A skeletal warrior (Vaults:2)
  4 naga ritualists
  4 unseen horrors
  10 sea snakes
  2 flayed ghosts
  An unseen horror (shapeshifter) (Vaults:2)
  7 deep elf archers
  3 hill giants
  6 ironbrand convokers
  13 orc knights
  13 deep elf magi
  3 wolf spiders
  5 harpies
  3 mana vipers
  2 hornets (shapeshifter) (Vaults:3)
  8 orc sorcerers
  3 fauns (Shoals:1)
  7 griffons
  A hornet (Vaults:4)
  4 manticores
  11 ugly things
  4 elephants (Lair:8)
  3 water nymphs
  3 cyclopes
  10 naga magi (Snake:4)
  6 sirens
  A centaur zombie (D:10)
  4 guardian serpents (Snake:4)
  An ice statue (IceCv)
  22 black mambas
  10 spiny frogs
  A spiny frog (shapeshifter) (Vaults:3)
  A torpor snail (Lair:6)
  7 vault sentinels
  5 komodo dragons
  2 fire drakes
  16 yaktaurs
  A spriggan druid (Lair:8)
  A freezing wraith (Vaults:2)
  12 merfolk
  18 two-headed ogres
  A wind drake (Bailey)
  6 trolls
  22 polar bears
  Prince Ribbit (D:9)
  12 slime creatures
  A boulder beetle (Vaults:5)
  A wind drake (shapeshifter) (Vaults:2)
  11 blink frogs
  5 snapping turtles
  A boulder beetle (shapeshifter) (Vaults:4)
  12 spriggans (Lair:8)
  22 yaks
  4 redbacks
  A shadow (D:11)
  4 water elementals
  4 hogs (Lair:5)
  A basilisk (Lair:5)
  A wraith (Vaults:2)
  11 vampire mosquitoes
  9 hippogriffs
  A hungry ghost (D:13)
  74 wolves
  Grum (D:8)
  A warg (Vaults:4)
  20 soldier ants (Lair:1)
  Duvessa (D:7)
  36 nagas
  12 porcupines
  10 water moccasins
  A swamp drake (D:10)
  5 necrophages
  An eye of draining (D:13)
  3 wasps (Lair:8)
  64 orc warriors
  8 ice beasts
  A sky beast (D:7)
  A tengu (shapeshifter) (Vaults:5)
  4 black bears
  39 ogres
  An eye of draining (shapeshifter) (Vaults:1)
  6 boggarts
  10 centaurs
  A big kobold (shapeshifter) (Vaults:3)
  9 crocodiles
  A big kobold (D:9)
  12 giant frogs
  A glowing shapeshifter simulacrum (Vaults:2)
  6 scorpions
  2 water moccasin skeletons
  Dowan (D:7)
  12 killer bees
  13 wights
  10 electric eels
  4 crimson imps
  2 jellies
  A gnoll shaman (D:9)
  26 orc priests
  3 giant frog zombies
  4 hounds
  36 orc wizards
  An iron imp (D:10)
  5 centaur skeletons
  A giant frog skeleton (D:8)
  7 iguanas
  34 worker ants
  7 sheep
  A hound zombie (D:11)
  A worker ant zombie (D:7)
  42 river rats
  2 adders (D:7)
  14 gnolls
  5 shadow imps
  13 white imps
  An adder skeleton (D:7)
  An adder zombie (D:7)
  A giant gecko (D:6)
  148 orcs
  A bat (D:3)
  2 gnoll zombies (D:6)
  8 goblins
  10 hobgoblins
  12 jackals
  3 quokkas
  A giant gecko skeleton (D:4)
  A giant newt (D:3)
  3 kobolds
  A rat (D:1)
  4 bushes (Lair:8)
  5 fungi
  7 plants
1356 creatures vanquished.

Vanquished Creatures (collateral kills)
  A vault guard (Vaults:4)
1 creature vanquished.

Vanquished Creatures (others)
  An orc warrior (Vaults:5)
  2 orcs (Vaults:5)
  23 fire vortices
  5 fungi (Lair:8)
31 creatures vanquished.

Grand Total: 1388 creatures vanquished

Action                   |  1- 3 |  4- 6 |  7- 9 | 10-12 | 13-15 | 16-18 | 19-21 || total
-------------------------+-------+-------+-------+-------+-------+-------+-------++-------
Melee: Rapier            |    22 |     6 |       |       |       |       |       ||    28
       Trident           |       |       |    14 |    81 |    14 |     5 |       ||   114
       Mace              |       |       |       |    25 |       |       |       ||    25
       Staff             |       |       |       |       |       |     5 |       ||     5
 Cast: Flame Tongue      |    24 |    32 |    77 |    78 |    14 |     2 |       ||   227
       Conjure Flame     |     1 |     2 |    13 |    17 |     6 |     1 |     1 ||    41
       Sticky Flame      |       |     6 |    16 |    50 |    38 |    33 |     4 ||   147
       Inner Flame       |       |       |     9 |    19 |    31 |     2 |       ||    61
       Fireball          |       |       |    20 |   137 |   334 |   345 |    43 ||   879
       Repel Missiles    |       |       |       |     1 |     2 |     6 |     1 ||    10
       Bolt of Fire      |       |       |       |    10 |   120 |   117 |    43 ||   290
       Regeneration      |       |       |       |       |    10 |    31 |    12 ||    53
       Delayed Fireball  |       |       |       |       |       |     3 |       ||     3
       Blink             |       |       |       |       |       |     2 |     1 ||     3
       Bolt of Cold      |       |       |       |       |       |     3 |       ||     3
       Fire Storm        |       |       |       |       |       |     2 |     8 ||    10
       Iron Shot         |       |       |       |       |       |       |     9 ||     9
Invok: Channel Energy    |       |       |   120 |   316 |   739 |   626 |   151 ||  1952
       Forget Spell      |       |       |       |       |       |       |     1 ||     1
 Abil: Evoke Flight      |       |       |       |       |     5 |       |       ||     5
       Release Delayed F |       |       |       |       |       |     2 |       ||     2
Evoke: Wand              |       |     1 |     2 |    14 |     6 |     6 |     4 ||    33
  Use: Potion            |     5 |     1 |     7 |     3 |     2 |     5 |     3 ||    26
       Scroll            |       |       |     8 |    12 |    21 |    11 |     4 ||    56
 Stab: Sleeping          |       |       |     1 |       |       |       |       ||     1
       Confused          |       |       |       |     9 |       |       |       ||     9
       Distracted        |       |       |       |     1 |       |       |       ||     1
  Eat: Chunk             |       |     3 |    29 |    69 |   137 |    88 |    27 ||   353
       Fruit             |       |       |     1 |    11 |    10 |     1 |       ||    23
       Pizza             |       |       |       |     1 |     1 |       |       ||     2
       Beef jerky        |       |       |       |       |     1 |       |     2 ||     3
       Meat ration       |       |       |       |       |     3 |     5 |       ||     8

Vault maps used:
D:1:      lemuel_arrival_cross
D:3:      kennysheep_goblin_castle, nicolae_overflow_crystal_walls
D:4:      minmay_temple_entry_statues_fountains, first_bread, uniq_edmund
D:5:      tso_metal_star
D:6:      lemuel_zombie_altar_yredelemnul, basic_altar, bh_walls_and_bars
D:7:      uniq_duvessa
D:8:      grunt_temple_overflow_order_and_chaos_1,
          amethyst_overflow_temple_binary, minmay_lair_entry_lava, serial_shops,
          shop, uniq_grum
D:9:      gammafunk_temple_overflow_elements, serial_shops, shop, shop,
          enter_bailey_2, blue_anna_alchemist, uniq_prince_ribbit1
D:10:     hangedman_minor_magic, uniq_erolcha
D:11:     david_orc_5, corexii_leaking_fountain
D:12:     portal_ice_cave_entry_imps
D:13:     lightli_vaults_fourway_checkpoint
D:14:     serial_shops, kennysheep_mini_moat, kennysheep_little_box,
          nicolae_shop_waterfront, minivault_26, uniq_louise
Temple:   chequers_temple_sunken_temple
Lair:1:   minivault_29, uniq_erica, uniq_urug, uniq_harold
Lair:2:   grunt_megastairs_5, serial_bayou_shore_a
Lair:3:   elwin_shoals_entry_rooms, dummy_snake_entry
Lair:4:   serial_bayou_shore_b, grunt_megastairs_1
Lair:5:   basic_altar, nicolae_volcano_entry_hallway, uniq_kirke, uniq_nessos,
          uniq_snorg
Lair:6:   pf_torpor_hydra
Lair:7:   serial_bayou, serial_bayou_pond_a, serial_bayou_pond_c,
          serial_bayou_lake_a, serial_bayou_pond_e
Lair:8:   minmay_lair_end_enchanted_forest, dpeg_slime_entry_enclosed_altar,
          infiniplex_staircase_pool_2, grunt_megastairs_3
Shoals:1: serial_shops, nicolae_shop_window_shopping
Shoals:2: serial_shops, shop, nicolae_shoals_loop_pool, uniq_nikola,
          uniq_polyphemus
Shoals:3: serial_shops, shop, hangedman_shoal_volcano
Shoals:4: shoals_end_hangedman, shoals_ilsuiw_ice
Snake:1:  basic_altar
Snake:2:  serial_shops, shop, hangedman_snake_corridor_cut
Snake:3:  special_room, spider_trap
Snake:4:  grunt_snake_rune_pools, serial_shops, shop, basic_stair_grate_trap,
          uniq_wiglaf, uniq_vashnia
Orc:1:    serial_shops, shop, basic_altar
Orc:2:    grunt_orc_community_town_hall, grunt_orc_community_big_house_1,
          grunt_orc_community_big_house_2, grunt_orc_community_house_3,
          grunt_orc_community_house_1, grunt_orc_community_house_1,
          grunt_orc_community_house_3, grunt_orc_community_house_2,
          grunt_orc_community_house_3
Elf:1:    minmay_elf_crystal_heptagon, serial_shops, nicolae_shop_statue_plus,
          hangedman_elf_disciples, grunt_ministairs_6, minivault_19, david_greed
Vaults:1: v_rooms_6, hangedman_vaults_restitches, grunt_vaults_bifocal,
          nicolae_vaults_asterisk, grunt_vaults_trifunnel,
          vaults_mumra_chevron_long, grunt_tower_of_power,
          vaults_room_semicircle, nicolae_vaults_little_squares_5,
          vaults_standard_mumra_lines, v_pattern_5, ontoclasm_vaults_misaligned,
          vaults_room_semicircle, ontoclasm_vaults_gateway
Vaults:2: dpeg_vaults_monster_row, vaults_mumra_minichess,
          nicolae_vaults_diagonal_hallway_7, vaults_room_fancy_cross, v_misc_29,
          v_rooms_3, vaults_standard_mumra_enter_the_diamond,
          vaults_standard_mumra_x, vaults_room_stairs_pillars,
          minmay_crypt_entry_simple_box, vaults_room_stairs_pillars,
          serial_shops, shop
Vaults:3: v_alt_pattern_1, v_rooms_1, uniq_xtahua, uniq_saint_roka
Vaults:4: grunt_vaults_swirl, hangedman_vaults_maws, nicolae_vaults_what_the_h,
          vaults_room_semicircle, ontoclasm_vaults_ligature, v_pattern_3,
          vaults_room_stairs_pillars, v_rooms_6, v_misc_25, vaults_dpeg_ring,
          v_rooms_2, ontoclasm_vaults_twist, nicolae_vaults_little_squares_3,
          ontoclasm_vaults_decontamination, vaults_room_stairs_pillars,
          v_misc_22, uniq_donald, uniq_mennas
Vaults:5: serial_shops
Bailey:   bailey_axe_of_yendor_kennysheep, bailey
IceCv:    ice_cave_caverns_01
Volcano:  volcano_tomb
